SA
PONTIAC GODFATHERS @ LAREDO HAWKS
08/23/2042
 
TOP OF THE 1ST
Pontiac Godfathers batting - Pitching for Laredo Hawks : RHP Mike Wilson
Pitching: RHP Mike Wilson
Batting: RHB Gary Bly 0-0: Foul Ball, location: 2F
0-1: Called Strike
0-2: Fly out, F9 (Flyball, 9LSF, EV 90.6 MPH)
Batting: RHB José Rivera 0-0: SINGLE (Flyball, 7S, EV 90.6 MPH)
Batting: LHB Brad Dyer 0-0: Called Strike
0-1: Called Strike
0-2: Foul Ball, location: 2F
0-2: Ball
1-2: Strikes out swinging
Batting: RHB Nathan Bram 0-0: Ball
1-0: Swinging Strike
1-1: Swinging Strike
1-2: Ball
2-2: Ball
3-2: Fly out, F8 (Flyball, 8LXD, EV 83.8 MPH)
Top of the 1st over - 0 runs, 1 hit, 0 errors, 1 left on base; Pontiac 0 - Laredo 0
BOTTOM OF THE 1ST
Laredo Hawks batting - Pitching for Pontiac Godfathers : LHP Kent Copeland
Pitching: LHP Kent Copeland
Batting: RHB Victor Jensen 0-0: Called Strike
0-1: Called Strike
0-2: Ground out 6-3 (Groundball, 56, EV 103.1 MPH)
Batting: RHB Elwiin de Meij 0-0: Swinging Strike
0-1: Foul Ball, location: 2F
0-2: Strikes out swinging
Batting: RHB Woody Maxwell 0-0: Called Strike
0-1: Called Strike
0-2: Foul Ball, location: 2F
0-2: DOUBLE (Line Drive, 8RXD, EV 105.6 MPH)
Batting: RHB Neung-uk Yi 0-0: Ball
1-0: Swinging Strike
1-1: Foul Ball, location: 2F
1-2: Foul Ball, location: 2F
1-2: Ground out 4-3 (Groundball, 4, EV 86.9 MPH)
Bottom of the 1st over - 0 runs, 1 hit, 0 errors, 1 left on base; Pontiac 0 - Laredo 0
TOP OF THE 2ND
Pontiac Godfathers batting - Pitching for Laredo Hawks : RHP Mike Wilson
Batting: RHB John Williams 0-0: Called Strike
0-1: Ball
1-1: Ground out 6-3 (Groundball, 6, EV 80.0 MPH)
Batting: SHB Mike Sherman 0-0: Called Strike
0-1: Ball
1-1: DOUBLE (Line Drive, 5D, EV 106.2 MPH)
Batting: RHB Rich Pope 0-0: Ball
Mike Sherman steals 3rd base
1-0: Ball
2-0: Called Strike
2-1: Fly out, F7 (Flyball, 7, EV 73.8 MPH)
Batting: RHB Bonifacio Marmolejo 0-0: Ground out 4-3 (Groundball, 4, EV 89.4 MPH)
Top of the 2nd over - 0 runs, 1 hit, 0 errors, 1 left on base; Pontiac 0 - Laredo 0
BOTTOM OF THE 2ND
Laredo Hawks batting - Pitching for Pontiac Godfathers : LHP Kent Copeland
Batting: LHB Scott Beavis 0-0: Ball
1-0: Called Strike
1-1: Foul Ball, location: 2F
1-2: Fly out, F6 (Line Drive, 6, EV 63.1 MPH)
Batting: RHB Steve Turner 0-0: Called Strike
0-1: Fly out, F9 (Line Drive, 9, EV 92.5 MPH)
Batting: LHB João Lourenço 0-0: Ball
1-0: Ball
2-0: Foul Ball, location: 2F
2-1: Ball
3-1: Base on Balls
Batting: LHB George McLean 0-0: Foul Ball, location: 2F
0-1: Foul Ball, location: 2F
0-2: Ball
1-2: Ball
2-2: Strikes out swinging
Bottom of the 2nd over - 0 runs, 0 hits, 0 errors, 1 left on base; Pontiac 0 - Laredo 0
TOP OF THE 3RD
Pontiac Godfathers batting - Pitching for Laredo Hawks : RHP Mike Wilson
Batting: RHB Santiago Tirado 0-0: Foul Ball, location: 2F
0-1: Ball
1-1: Foul Ball, location: 2F
1-2: Foul Ball, location: 2F
1-2: Strikes out swinging
Batting: RHB Gary Bly 0-0: Ball
1-0: Foul Ball, location: 2F
1-1: Ball
2-1: Ball
3-1: Called Strike
3-2: Strikes out swinging
Batting: RHB José Rivera 0-0: Swinging Strike
0-1: Called Strike
0-2: Ball
1-2: Ground out 6-3 (Groundball, 56, EV 103.1 MPH)
Top of the 3rd over - 0 runs, 0 hits, 0 errors, 0 left on base; Pontiac 0 - Laredo 0
BOTTOM OF THE 3RD
Laredo Hawks batting - Pitching for Pontiac Godfathers : LHP Kent Copeland
Batting: RHB Lynn Medlen 0-0: Foul Ball, location: 2F
0-1: Ball
1-1: Ball
2-1: Ball
3-1: DOUBLE (Line Drive, 9LM, EV 110.6 MPH)
Batting: RHB Victor Jensen 0-0: Ball
1-0: Called Strike
1-1: Called Strike
1-2: Ball
2-2: Ball
3-2: Foul Ball, location: 2F
3-2: SINGLE (Line Drive, 34D, EV 97.5 MPH)
Lynn Medlen to third
Pitching: LHP Les Wright
Batting: RHB Elwiin de Meij 0-0: Ball
1-0: Ball
2-0: Called Strike
2-1: Ball
3-1: 3-RUN HOME RUN (Flyball, 78XD, EV 91.9 MPH), Distance : 423 ft
Batting: RHB Woody Maxwell 0-0: SOLO HOME RUN (Flyball, 7D, EV 96.9 MPH), Distance : 401 ft
Batting: RHB Neung-uk Yi 0-0: Ball
1-0: Ball
2-0: SINGLE (Line Drive, 9LS, EV 92.5 MPH)
Batting: LHB Scott Beavis 0-0: Ball
1-0: Ball
2-0: Called Strike
2-1: Grounds into double play, 4-6-3 (Groundball, 4M, EV 80.6 MPH)
Pitching: LHP Steve Cox
Batting: RHB Steve Turner 0-0: Ball
1-0: Called Strike
1-1: Foul Ball, location: 2F
1-2: Ground out 1-3 (Groundball, 13, EV 81.2 MPH)
Bottom of the 3rd over - 4 runs, 5 hits, 0 errors, 0 left on base; Pontiac 0 - Laredo 4
TOP OF THE 4TH
Pontiac Godfathers batting - Pitching for Laredo Hawks : RHP Mike Wilson
Batting: LHB Brad Dyer 0-0: Foul Ball, location: 2F
0-1: Swinging Strike
0-2: Ball
1-2: Ball
2-2: Foul Ball, location: 2F
2-2: SINGLE (Groundball, 6D, EV 104.4 MPH)
Batting: RHB Nathan Bram 0-0: Foul Ball, location: 2F
0-1: Ball
1-1: Ball
2-1: Grounds into double play, 5-4-3 (Groundball, 56, EV 86.9 MPH)
Batting: RHB John Williams 0-0: Ball
1-0: Foul Ball, location: 2F
1-1: Swinging Strike
1-2: Strikes out swinging
Top of the 4th over - 0 runs, 1 hit, 0 errors, 0 left on base; Pontiac 0 - Laredo 4
BOTTOM OF THE 4TH
Laredo Hawks batting - Pitching for Pontiac Godfathers : LHP Steve Cox
Batting: LHB João Lourenço 0-0: Fly out, F9 (Flyball, 89M, EV 75.6 MPH)
Batting: LHB George McLean 0-0: Ball
1-0: Swinging Strike
1-1: Ground out U3 (Groundball, 3S, EV 72.5 MPH)
Batting: RHB Lynn Medlen 0-0: Foul Ball, location: 2F
0-1: Called Strike
0-2: Foul Ball, location: 2F
0-2: Ball
1-2: Foul Ball, location: 2F
1-2: SINGLE (Line Drive, 8RS, EV 91.2 MPH)
Batting: RHB Victor Jensen 0-0: Ball
1-0: Ball
2-0: Called Strike
2-1: Ball
3-1: Called Strike
3-2: Foul Ball, location: 2F
3-2: Base on Balls
Lynn Medlen to second
Batting: RHB Elwiin de Meij 0-0: Called Strike
0-1: Fly out, F7 (Flyball, 7LMF, EV 90.6 MPH)
Bottom of the 4th over - 0 runs, 1 hit, 0 errors, 2 left on base; Pontiac 0 - Laredo 4
TOP OF THE 5TH
Pontiac Godfathers batting - Pitching for Laredo Hawks : RHP Mike Wilson
Batting: SHB Mike Sherman 0-0: Called Strike
0-1: Ball
1-1: Called Strike
1-2: Ground out 4-3 (Groundball, 4, EV 99.4 MPH)
Batting: RHB Rich Pope 0-0: Ground out 5-3 (Groundball, 56S, EV 92.5 MPH)
Batting: RHB Bonifacio Marmolejo 0-0: Hit by Pitch
Batting: RHB Santiago Tirado 0-0: Ball
1-0: Called Strike
1-1: Called Strike
1-2: Ball
2-2: Strikes out looking
Top of the 5th over - 0 runs, 0 hits, 0 errors, 1 left on base; Pontiac 0 - Laredo 4
BOTTOM OF THE 5TH
Laredo Hawks batting - Pitching for Pontiac Godfathers : LHP Steve Cox
Batting: RHB Woody Maxwell 0-0: Ball
1-0: Ball
2-0: Ball
3-0: Called Strike
3-1: Called Strike
3-2: Foul Ball, location: 2F
3-2: Base on Balls
Batting: RHB Neung-uk Yi 0-0: Ball
1-0: Ball
2-0: Ball
3-0: Base on Balls
Woody Maxwell to second
Batting: LHB Scott Beavis 0-0: Ball
1-0: Called Strike
1-1: Ball
2-1: Ball
3-1: Foul Ball, location: 2F
3-2: Foul Ball, location: 2F
3-2: Base on Balls
Woody Maxwell to third
Neung-uk Yi to second
Batting: RHB Steve Turner 0-0: Ball
1-0: Fly out, F9 (Flyball, 89M, EV 83.8 MPH)
Runner from 3rd tags up, SCORES, throw by RF
Batting: LHB João Lourenço 0-0: Ball
1-0: Ball
Wild Pitch!
Neung-uk Yi to third
Scott Beavis to second
2-0: SINGLE (Line Drive, 56, EV 108.1 MPH)
Neung-uk Yi scores
Scott Beavis to third
Batting: LHB George McLean 0-0: Ball
1-0: Ball
2-0: Foul Ball, location: 2F
2-1: Foul Ball, location: 2F
2-2: Foul Ball, location: 2F
2-2: Fielders Choice at 2nd, 1-4 (Groundball, 15, EV 81.2 MPH)
Batting: RHB Lynn Medlen 0-0: SINGLE (Groundball, 4MD, EV 100.0 MPH)
Scott Beavis scores
George McLean to second
Batting: RHB Victor Jensen 0-0: Called Strike
0-1: Fly out, F8 (Flyball, 8RD, EV 103.8 MPH)
Bottom of the 5th over - 3 runs, 2 hits, 0 errors, 2 left on base; Pontiac 0 - Laredo 7
TOP OF THE 6TH
Pontiac Godfathers batting - Pitching for Laredo Hawks : RHP Mike Wilson
Batting: RHB Gary Bly 0-0: Called Strike
0-1: Ball
1-1: Foul Ball, location: 2F
1-2: Foul Ball, location: 2F
1-2: Ball
2-2: SINGLE (Flyball, 7LS, EV 92.5 MPH)
Batting: RHB José Rivera 0-0: Ball
1-0: Fielders Choice at 2nd, 4-6 (Groundball, 4, EV 87.5 MPH)
Batting: LHB Brad Dyer 0-0: Called Strike
0-1: Ball
1-1: Called Strike
1-2: Fly out, F9 (Flyball, 89M, EV 89.4 MPH)
Batting: RHB Nathan Bram 0-0: Ball
1-0: Called Strike
1-1: Ball
2-1: Ball
José Rivera steals 2nd base (no throw)
3-1: Fly out, F8 (Flyball, 78D, EV 92.5 MPH)
Top of the 6th over - 0 runs, 1 hit, 0 errors, 1 left on base; Pontiac 0 - Laredo 7
BOTTOM OF THE 6TH
Laredo Hawks batting - Pitching for Pontiac Godfathers : LHP Steve Cox
Batting: RHB Elwiin de Meij 0-0: Ball
1-0: Ball
2-0: Ball
3-0: Called Strike
3-1: DOUBLE (Groundball, 5L, EV 96.2 MPH)
Batting: RHB Woody Maxwell 0-0: Called Strike
0-1: Foul Ball, location: 2F
0-2: DOUBLE (Line Drive, 7LM, EV 104.4 MPH)
Elwiin de Meij scores
Pitching: LHP Gustavo Álvarez
Batting: RHB Neung-uk Yi 0-0: Foul Ball, location: 2F
0-1: Ball
1-1: Ball
2-1: Fly out, F9 (Line Drive, 9, EV 90.6 MPH)
Batting: LHB Scott Beavis 0-0: Swinging Strike
0-1: Ball
1-1: SINGLE (Line Drive, 7S, EV 93.1 MPH)
Woody Maxwell to third
Batting: RHB Steve Turner 0-0: Reached on error, E5 (Groundball, 56S, EV 61.9 MPH)
Woody Maxwell scores
Scott Beavis to second
Batting: LHB João Lourenço 0-0: SINGLE (Line Drive, 4MD, EV 101.2 MPH)
Scott Beavis to third
Steve Turner to second
Runner from 3rd tries for Home, SAFE, throw by CF to home
Batting: LHB George McLean 0-0: Foul Ball, location: 2F
0-1: Foul Ball, location: 2F
0-2: Strikes out swinging
Batting: RHB Lynn Medlen 0-0: Ball
1-0: Called Strike
1-1: Foul Ball, location: 2F
1-2: Foul Ball, location: 2F
1-2: Ball
2-2: Foul Ball, location: 2F
2-2: SINGLE (Groundball, 56D, EV 103.8 MPH)
Steve Turner to third
João Lourenço to second
Runner from 3rd tries for Home, SAFE, throw by LF to home
Batting: RHB Victor Jensen 0-0: Swinging Strike
0-1: Called Strike
0-2: DOUBLE (Groundball, 5L, EV 106.9 MPH)
João Lourenço scores
Lynn Medlen to third
Batting: RHB Elwiin de Meij 0-0: Ground out U3 (Groundball, 34S, EV 75.0 MPH)
Bottom of the 6th over - 5 runs, 6 hits, 1 error, 2 left on base; Pontiac 0 - Laredo 12
TOP OF THE 7TH
Pontiac Godfathers batting - Pitching for Laredo Hawks : RHP Mike Wilson
Batting: RHB John Williams 0-0: Fly out, F9 (Flyball, 9D, EV 102.5 MPH)
Batting: SHB Mike Sherman 0-0: Called Strike
0-1: Foul Ball, location: 2F
0-2: Fly out, F7 (Flyball, 7, EV 91.2 MPH)
Batting: RHB Rich Pope 0-0: Swinging Strike
0-1: Foul Ball, location: 2F
0-2: Strikes out swinging, 2-3 out at first.
Top of the 7th over - 0 runs, 0 hits, 0 errors, 0 left on base; Pontiac 0 - Laredo 12
BOTTOM OF THE 7TH
Laredo Hawks batting - Pitching for Pontiac Godfathers : LHP Gustavo Álvarez
Batting: RHB Woody Maxwell 0-0: Foul Ball, location: 2F
0-1: Ball
1-1: DOUBLE (Flyball, 89XD, EV 107.5 MPH)
Pinch Hitting: RHB Geoff Sullivan 0-0: Foul Ball, location: 2F
0-1: Fly out, F7 (Flyball, 78D, EV 87.5 MPH)
Batting: LHB Scott Beavis 0-0: Ball
1-0: Ball
2-0: SINGLE (Line Drive, 4D, EV 107.5 MPH)
Woody Maxwell to third
Runner from 3rd tries for Home, SAFE, throw by CF to home
Batting: RHB Steve Turner 0-0: Ball
Wild Pitch!
Scott Beavis to second
1-0: Foul Ball, location: 2F
1-1: Swinging Strike
1-2: Ball
2-2: Strikes out swinging
Batting: LHB João Lourenço 0-0: Called Strike
0-1: Ball
1-1: Ball
2-1: Ball
3-1: Base on Balls
Batting: LHB George McLean 0-0: Ball
1-0: Called Strike
1-1: Fly out, F8 (Line Drive, 8LM, EV 100.0 MPH)
Bottom of the 7th over - 1 run, 2 hits, 0 errors, 2 left on base; Pontiac 0 - Laredo 13
TOP OF THE 8TH
Pontiac Godfathers batting - Pitching for Laredo Hawks : RHP Mike Wilson
Pitching: RHP Norm Wells
Now at 1B: Brian Dyball
Batting: RHB Bonifacio Marmolejo 0-0: Foul Ball, location: 2F
0-1: Ball
1-1: Swinging Strike
1-2: Strikes out swinging
Batting: RHB Santiago Tirado 0-0: Called Strike
0-1: Ball
1-1: Foul Ball, location: 2F
1-2: Foul Ball, location: 2F
1-2: Strikes out swinging
Batting: RHB Gary Bly 0-0: Called Strike
0-1: Ball
1-1: Swinging Strike
1-2: Strikes out swinging
Top of the 8th over - 0 runs, 0 hits, 0 errors, 0 left on base; Pontiac 0 - Laredo 13
BOTTOM OF THE 8TH
Laredo Hawks batting - Pitching for Pontiac Godfathers : LHP Gustavo Álvarez
Batting: RHB Lynn Medlen 0-0: Ball
1-0: Ball
2-0: Ball
3-0: Called Strike
3-1: Base on Balls
Pitching: LHP Pat Peterson
Batting: RHB Victor Jensen 0-0: Ball
1-0: 2-RUN HOME RUN (Flyball, 78XD, EV 109.4 MPH), Distance : 419 ft
Batting: RHB Elwiin de Meij 0-0: Called Strike
0-1: Fly out, F9 (Flyball, 9LSF, EV 76.9 MPH)
Batting: RHB Woody Maxwell 0-0: Foul Ball, location: 2F
0-1: Foul Ball, location: 2F
0-2: Ball
1-2: DOUBLE (Groundball, 5L, EV 97.5 MPH)
Batting: RHB Brian Dyball 0-0: Called Strike
0-1: SINGLE (Flyball, 8RS, EV 91.9 MPH)
Woody Maxwell to third
Runner from 3rd tries for Home, SAFE, no throw by CF
Batting: LHB Scott Beavis 0-0: DOUBLE (Flyball, 8LXD, EV 109.4 MPH)
Brian Dyball to third
Batting: RHB Steve Turner 0-0: Ball
1-0: Foul Ball, location: 2F
1-1: SINGLE (Line Drive, 6D, EV 102.5 MPH)
Brian Dyball scores
Scott Beavis to third
Batting: LHB João Lourenço 0-0: Ball
1-0: SINGLE (Line Drive, 7S, EV 98.1 MPH)
Scott Beavis scores
Steve Turner to second
Pitching: LHP Basilio Delgado
Batting: LHB George McLean 0-0: Ball
1-0: Called Strike
1-1: Ball
2-1: Swinging Strike
2-2: Foul Ball, location: 2F
2-2: Strikes out looking
Pinch Hitting: RHB Tim Thompson 0-0: Ball
1-0: Ball
2-0: Swinging Strike
2-1: SINGLE (Line Drive, 34D, EV 101.2 MPH)
Steve Turner to third
João Lourenço to second
Runner from 3rd tries for Home, SAFE, no throw by RF
Batting: RHB Victor Jensen 0-0: Called Strike
0-1: Foul Ball, location: 2F
0-2: Foul Ball, location: 2F
0-2: Ball
1-2: Strikes out swinging
Bottom of the 8th over - 6 runs, 7 hits, 0 errors, 2 left on base; Pontiac 0 - Laredo 19
TOP OF THE 9TH
Pontiac Godfathers batting - Pitching for Laredo Hawks : RHP Norm Wells
Now at 2B: Tim Thompson
Batting: RHB José Rivera 0-0: Foul Ball, location: 2F
0-1: Called Strike
0-2: Strikes out swinging
Batting: LHB Brad Dyer 0-0: Called Strike
0-1: Swinging Strike
0-2: Hit by Pitch
Batting: RHB Nathan Bram 0-0: Ball
1-0: Called Strike
1-1: Ball
2-1: Swinging Strike
2-2: Strikes out swinging
Batting: RHB John Williams 0-0: Called Strike
0-1: Swinging Strike
0-2: Strikes out looking
Top of the 9th over - 0 runs, 0 hits, 0 errors, 1 left on base; Pontiac 0 - Laredo 19
Friday, March 26th, 2021 - OOTP Baseball 20.8 Build 74